 Dungeon Crawl Stone Soup version 0.23.0-3-gf3c87f2df8 (webtiles) character file.

Game seed: 152982842153230634

514 PikkenKukken the Chucker (level 7, -2/47 HPs)
             Began as an Octopode Hunter on Feb 22, 2019.
             Slain by a centaur (7 damage)
             ... on level 5 of the Dungeon.
             The game lasted 00:12:17 (4971 turns).

PikkenKukken the Chucker (Octopode Hunter)          Turns: 4971, Time: 00:12:18

Health: -2/47      AC:  1    Str: 12    XL:     7   Next: 20%
Magic:  7/7        EV: 13    Int: 13    God:
Gold:   233        SH:  0    Dex: 14    Spells: 6/6 levels left

rFire    . . .     SeeInvis .   a - +0 short sword
rCold    . . .     Gourm    .   (no shield)
rNeg     . . .     Faith    .   (helmet restricted)
rPois    .         Spirit   .   p - amulet of the acrobat
rElec    .         Reflect  .   t - -2 ring of evasion (curse)
rCorr    .         Harm     .   (no ring)
MR       .....                  (no ring)
Stlth    ++++......             (no ring)
HPRegen  0.15/turn              (no ring)
MPRegen  0.10/turn              (no ring)
                                (no ring)
                                (no ring)

@: about to teleport
A: almost no armour, stealthy swim, amphibious, 8 rings, constrict 8, camouflage
1, gelatinous body 1
a: no special abilities


You were on level 5 of the Dungeon.
You were not hungry.

You visited 2 branches of the dungeon, and saw 6 of its levels.

You collected 233 gold pieces.

Inventory:

Hand Weapons
 a - a +0 short sword (weapon)
Missiles
 b - 4 javelins
 c - 2 throwing nets
 f - 63 stones
 w - a tomahawk (quivered)
Jewellery
 p - an amulet of the acrobat (around mantle)
 t - a cursed -2 ring of evasion (left tentacle)
Scrolls
 o - a scroll of identify
 s - a scroll of magic mapping
Potions
 e - a potion of heal wounds
 g - a potion of resistance
 h - 2 potions of agility
 i - a potion of brilliance {unknown}
 j - a potion of flight {unknown}
 k - a potion of invisibility {unknown}
 l - 5 potions of curing
 m - a potion of berserk rage
 n - a potion of magic {unknown}
 r - a potion of mutation {unknown}
 u - a potion of lignification {unknown}
Comestibles
 d - 9 rations


   Skills:
 + Level 3.8 Fighting
 * Level 6.1 Throwing
 + Level 3.7 Dodging
 + Level 4.6 Stealth


You had 6 spell levels left.
You didn't know any spells.
Your spell library was empty.

Dungeon Overview and Level Annotations

Branches:
Dungeon (5/15)             Temple (1/1) D:5

Altars:
Ashenzari
Dithmenos
Elyvilon
Fedhas
Hepliaklqana
Kikubaaqudgha
Makhleb
Nemelex Xobeh
Okawaru
Qazlal
Ru
Sif Muna
Trog
Uskayaw
Vehumet
Wu Jian
Xom
Yredelemnul
The Shining One


Innate Abilities, Weirdness & Mutations

You cannot wear most types of armour.
You are very stealthy in the water. (Stealth+)
You are amphibious.
You can wear up to eight rings at the same time.
You can use your tentacles to constrict eight enemies at once.
Your skin changes colour to match your surroundings (Stealth+).
Your rubbery body absorbs attacks. (AC +1, EV +1)


Message History

You hit the centaur.
The centaur is heavily wounded.
The centaur barely misses you.
You closely miss the centaur.
The centaur is heavily wounded.
The centaur hits you but does no damage.
The centaur misses you.
You barely miss the centaur.
The centaur is heavily wounded.
The centaur misses you.
A gnoll comes into view. It is wielding a +0 halberd.
The centaur hits you but does no damage.
You hit the centaur.
The centaur is severely wounded.
The centaur hits you!
* * * LOW HITPOINT WARNING * * *
As you read the scroll of teleportation, it crumbles to dust.
You feel strangely unstable. The centaur barely misses you.
The centaur hits you!
You die...

#.# ..# #.# ... ... #..#
#c# . #..# #.###
.##..####### #.#.# ###
...........###.#@#.....
................c....g..
#.......#.#####.#..#...
#..........# #.#..#
#.#.##.##..# #.# .#
#....#.##..# #.# .#
###..#.##..# #.# #
#..#.<#..# #.#
#..#..#... .#


You could see a centaur and a gnoll.

Vanquished Creatures
  A phantom (D:4)
  A scorpion (D:4)
  A howler monkey (D:5)
  2 orc wizards (D:4)
  A bullfrog skeleton (D:5)
  An iguana (D:4)
  2 worker ants (D:4)
  A hound zombie (D:4)
  5 adders
  2 oozes
  2 adder skeletons (D:4)
  A worm (D:2)
  2 dart slugs (D:2)
  3 leopard geckos
  13 orcs
  3 ball pythons
  8 giant cockroaches
  6 hobgoblins
  6 jackals
  2 quokkas
  11 bats
  11 frilled lizards
  5 goblins
  8 kobolds
  7 rats
105 creatures vanquished.

Notes
Turn   | Place    | Note
-------+----------+-------------------------------------------
     0 | D:1      | PikkenKukken the Octopode Hunter began the quest for the
                  | Orb.
     0 | D:1      | Reached XP level 1. HP: 14/14 MP: 1/1
   182 | D:1      | Reached XP level 2. HP: 14/19 MP: 2/2
  1000 | D:1      | Reached XP level 3. HP: 24/24 MP: 3/3
  1298 | D:2      | Found a blossoming altar of Fedhas.
  1482 | D:2      | Reached XP level 4. HP: 30/30 MP: 4/4
  1812 | D:2      | Found a bloodstained altar of Trog.
  1812 | D:2      | Found an iron altar of Okawaru.
  2268 | D:3      | Found a basalt altar of Yredelemnul.
  2517 | D:3      | Reached skill level 5 in Throwing
  2517 | D:3      | Reached XP level 5. HP: 32/36 MP: 5/5
  2565 | D:3      | Found a burning altar of Makhleb.
  2672 | D:3      | Found a white marble altar of Elyvilon.
  3026 | D:4      | Noticed a phantom
  3212 | D:4      | Reached XP level 6. HP: 21/42 MP: 6/6
  3614 | D:4      | Killed a phantom
  4236 | D:4      | Reached skill level 6 in Throwing
  4236 | D:4      | Reached XP level 7. HP: 37/47 MP: 7/7
  4529 | D:5      | Entered Level 5 of the Dungeon
  4614 | D:5      | Found a staircase to the Ecumenical Temple.
  4623 | Temple   | Entered the Ecumenical Temple
  4971 | D:5      | Slain by a centaur

Skill      XL: |  1  2  3  4  5  6 |
---------------+-------------------+-----
Stealth        | 2 3 4 |  4.6
Throwing       | 5 6 |  6.1
Fighting       | 3 |  3.8
Dodging        | 3 |  3.7

Action                   |  1- 3 |  4- 6 |  7- 9 || total
-------------------------+-------+-------+-------++-------
Melee: Short sword       |    55 |   135 |    22 ||   212
       Constrict         |    17 |    38 |     4 ||    59
       Tentacles         |     8 |    31 |     4 ||    43
Throw: Javelin           |    12 |    12 |     3 ||    27
       Tomahawk          |    13 |    23 |     2 ||    38
  Use: Scroll            |     2 |     6 |     5 ||    13
       Potion            |       |     1 |       ||     1
 Stab: Sleeping          |    11 |     7 |     1 ||    19
       Distracted        |       |     1 |       ||     1
  Eat: Chunk             |     2 |     8 |     2 ||    12
       Ration            |       |       |     1 ||     1
Armor: Skin              |     4 |    17 |     2 ||    23
Dodge: Dodged            |    29 |    89 |    15 ||   133
